 Dungeon Crawl Stone Soup version 0.26-a0-663-g36e8fdb655 (webtiles) character file.

Game seed: 2304804149118908673

368 jasper the Magician (level 6, -7/44 HPs)
             Began as a Gnoll Hedge Wizard on Oct 11, 2020.
             Mangled by a gnoll
             ... wielding a +0 halberd
              (11 damage)
             ... on level 4 of the Dungeon.
             The game lasted 00:06:25 (3358 turns).

jasper the Magician (Gnoll Hedge Wizard)            Turns: 3358, Time: 00:06:26

Health: -7/44      AC:  2    Str: 13    XL:     6   Next: 69%
Magic:  16/16      EV: 15    Int: 18    God:
Gold:   22         SH:  0    Dex: 14    Spells: 9/19 levels left

rFire    . . .     SeeInvis .   u - +0 hand axe (flame)
rCold    . . .     Faith    .   (no shield)
rNeg     . . .     Spirit   .   b - +0 robe
rPois    .         Reflect  .   c - +0 hat
rElec    .         Harm     .   (no cloak)
rCorr    .         Rampage  .   (no gloves)
MR       .....                  (no boots)
Stlth    +++.......             (no amulet)
HPRegen  0.14/turn              (no ring)
MPRegen  0.15/turn              (no ring)

@: no status effects
A: distributed training, fangs 1, strong nose
a: no special abilities


You were on level 4 of the Dungeon.
You visited 1 branch of the dungeon, and saw 5 of its levels.

You collected 112 gold pieces.
You spent 90 gold pieces at shops.

Inventory:

Hand Weapons
 a - a +0 dagger
 u - a +0 hand axe of flaming (weapon)
Armour
 b - a +0 robe (worn)
 c - a +0 hat (worn)
 n - a +0 leather armour
Jewellery
 t - an uncursed ring of positive energy
Wands
 f - a wand of polymorph (1)
 m - a wand of flame (13)
Scrolls
 e - a scroll of enchant armour {unknown}
 h - 2 scrolls of teleportation {unknown}
 j - 5 scrolls of identify {unknown}
 o - a scroll of fog {unknown}
 q - a scroll of blinking {unknown}
Potions
 d - a potion of mutation {unknown}
 g - 2 potions of brilliance {unknown}
 i - 2 potions of heal wounds {unknown}
 k - 2 potions of stabbing {unknown}
 l - a potion of might {unknown}
 p - 2 potions of resistance {unknown}
 s - a potion of invisibility {unknown}
 v - a potion of degeneration {unknown}
 w - a potion of flight {unknown}


   Skills:
 + Level 2.1 Fighting
 + Level 2.1 Short Blades
 + Level 2.1 Long Blades
 + Level 2.1 Axes
 + Level 2.1 Maces & Flails
 + Level 2.1 Polearms
 + Level 2.1 Staves
 + Level 2.1 Slings
 + Level 2.1 Bows
 + Level 2.1 Crossbows
 + Level 2.1 Throwing
 + Level 2.1 Armour
 + Level 5.0 Dodging
 + Level 4.6 Stealth
 + Level 2.1 Shields
 + Level 2.1 Unarmed Combat
 + Level 7.4 Spellcasting
 + Level 2.7 Conjurations
 + Level 1.6 Hexes
 + Level 2.7 Summonings
 + Level 1.6 Necromancy
 + Level 2.7 Translocations
 + Level 1.6 Transmutations
 + Level 1.6 Fire Magic
 + Level 1.6 Ice Magic
 + Level 1.6 Air Magic
 + Level 1.6 Earth Magic
 + Level 1.6 Poison Magic
 + Level 2.3 Invocations
 + Level 2.1 Evocations


You had 9 spell levels left.
You knew the following spells:

 Your Spells              Type           Power        Failure   Level
a - Magic Dart            Conj           ###.         3%          1
b - Call Imp              Summ           ###.....     4%          2
c - Blink                 Tloc           N/A          4%          2
d - Slow                  Hex            ##......     8%          2
e - Mephitic Cloud        Conj/Pois/Air  ##......     14%         3

Your spell library contained the following spells:

 Spells                   Type           Power        Failure   Level
 Conjure Flame            Conj/Fire      ##......     13%         3


Dungeon Overview and Level Annotations

Branches:
Dungeon (5/15)
 Temple: D:4-7

Altars:
Hepliaklqana
Makhleb
Zin

Annotations:
D:3 1 runed translucent door, Crazy Yiuf, Natasha
D:4 Menkaure, Pikel
D:5 Dowan, Duvessa


Innate Abilities, Weirdness & Mutations

Your experience applies equally to all skills.
You have very sharp teeth.
Your uncanny sense of smell can sniff out nearby items.


Message History

The gnoll barely misses you.
Menkaure, Prince of Dust comes into view.
Menkaure shouts!
Menkaure mumbles some strange words.
Menkaure seems to speed up.
Found a twisted plate armour.
Okay, then.
You feel better. The lemure closely misses you.
You regained 9 hp, and now have 29/44 hp.
The gnoll hits you with a +0 flail.
You take 6 damage, and have 23/44 hp.
The gnoll hits you from afar with a +0 spear!
You take 7 damage, and have 16/44 hp.
The gnoll misses you. The gnoll misses you.
The gnoll hits you from afar with a +0 spear!
* * * LOW HITPOINT WARNING * * *
You take 12 damage, and have 4/44 hp.
MASSIVE DAMAGE!!
The gnoll hits you from afar with a +0 halberd!
You die...

..........# ##{#.
####.#.#.##.# #{#.
.......#.##.# {{#.
#...#.##.## ##.####.
####....M....##
#.......
#.......g.....#
#..####.
###.##.#g##>..###..#
#. # #.g...........#
#. ##@.###..###.# #.
#.#.....# #.######
..[####..##.....###
.#### #..#..#.#....
~# #.........###
.#####.#..#.#.#
.........5....#
........#..####
#######.....#####


You could see Menkaure (fast) and 3 gnolls.

Vanquished Creatures
  2 hounds (D:3)
  A bullfrog skeleton (D:4)
  Natasha (D:3)
  4 adders
  An ooze (D:1)
  A dart slug (D:2)
  7 orcs
  A bat (D:2)
  A giant cockroach (D:1)
  4 goblins
  4 hobgoblins
  2 jackals (D:3)
  3 frilled lizards
  3 kobolds
  3 rats
38 creatures vanquished.

Vanquished Creatures (collateral kills)
  An ogre (D:4)
  Blork the orc (D:4)
  An orc priest (D:4)
  2 orc wizards
  Ijyb (D:3)
  Terence (D:2)
  3 gnolls (D:2)
  An adder (D:2)
  3 orcs
  A rat (D:2)
15 creatures vanquished.

Vanquished Creatures (others)
  3 fungi (D:4)
  6 plants (D:4)
9 creatures vanquished.

Grand Total: 62 creatures vanquished

Notes
Turn   | Place    | Note
-------+----------+-------------------------------------------
     0 | D:1      | jasper the Gnoll Hedge Wizard began the quest for the Orb.
     0 | D:1      | Reached XP level 1. HP: 13/13 MP: 8/8
   168 | D:1      | Reached XP level 2. HP: 19/19 MP: 7/10
   270 | D:1      | Learned a level 2 spell: Call Imp
   273 | D:1      | Learned a level 2 spell: Blink
   276 | D:1      | Learned a level 2 spell: Slow
   428 | D:2      | Noticed Terence
   488 | D:2      | Killed Terence
   488 | D:2      | Reached XP level 3. HP: 20/25 MP: 1/11
   495 | D:2      | Learned a level 3 spell: Mephitic Cloud
   604 | D:2      | Reached skill level 1 in Invocations
   923 | D:2      | Reached skill level 1 in Fighting
   923 | D:2      | Reached skill level 1 in Short Blades
   923 | D:2      | Reached skill level 1 in Long Blades
   923 | D:2      | Reached skill level 1 in Axes
   923 | D:2      | Reached skill level 1 in Maces & Flails
   923 | D:2      | Reached skill level 1 in Polearms
   923 | D:2      | Reached skill level 1 in Staves
   923 | D:2      | Reached skill level 1 in Slings
   923 | D:2      | Reached skill level 1 in Bows
   923 | D:2      | Reached skill level 1 in Crossbows
   923 | D:2      | Reached skill level 1 in Throwing
   923 | D:2      | Reached skill level 1 in Armour
   923 | D:2      | Reached skill level 1 in Shields
   923 | D:2      | Reached skill level 1 in Unarmed Combat
   923 | D:2      | Reached skill level 1 in Evocations
   957 | D:2      | Reached XP level 4. HP: 32/32 MP: 4/13
  1307 | D:2      | Reached skill level 1 in Hexes
  1307 | D:2      | Reached skill level 1 in Necromancy
  1307 | D:2      | Reached skill level 1 in Transmutations
  1307 | D:2      | Reached skill level 1 in Fire Magic
  1307 | D:2      | Reached skill level 1 in Ice Magic
  1307 | D:2      | Reached skill level 1 in Air Magic
  1307 | D:2      | Reached skill level 1 in Earth Magic
  1307 | D:2      | Reached skill level 1 in Poison Magic
  1460 | D:3      | Found a hazy altar of Hepliaklqana.
  1593 | D:3      | Noticed Ijyb
  1615 | D:3      | Killed Ijyb
  1867 | D:3      | Noticed Natasha
  1876 | D:3      | Killed Natasha
  1876 | D:3      | Reached XP level 5. HP: 37/37 MP: 6/14
  2029 | D:3      | Found a runed translucent door.
  2030 | D:3      | Noticed Crazy Yiuf
  2238 | D:3      | Noticed Natasha
  2258 | D:4      | Noticed a lemure
  2261 | D:4      | Noticed a lemure
  2261 | D:4      | Noticed Pikel
  2262 | D:4      | Noticed a lemure
  2413 | D:4      | Noticed an ogre
  2421 | D:4      | Killed an ogre
  2457 | D:4      | Noticed a phantom
  2574 | D:4      | Noticed Blork the orc
  2588 | D:4      | Killed Blork the orc
  2588 | D:4      | Reached XP level 6. HP: 26/44 MP: 6/16
  2882 | D:4      | Found Zin's Purification Station.
  2890 | D:4      | Found a glowing silver altar of Zin.
  2895 | D:4      | Bought a potion of curing for 90 gold pieces
  2966 | D:4      | Reached skill level 5 in Dodging
  3242 | D:4      | Found a burning altar of Makhleb.
  3242 | D:4      | Noticed a green death
  3347 | D:5      | Entered Level 5 of the Dungeon
  3347 | D:5      | Noticed Dowan
  3348 | D:5      | Noticed Duvessa
  3351 | D:4      | Noticed Menkaure
  3358 | D:4      | Mangled by a gnoll

Illustrated notes

Levels and vault maps discovered:
D:1:      eino_arrival_water_cross, layout_basic, minmay_pentomino_z2
D:2:      layout_loops_ring, tgw_xom, uniq_terence
D:3:      layout_loops_ring, old_standard_altar, uniq_natasha, uniq_ijyb,
          uniq_crazy_yiuf_cottage
D:4:      layout_loops_ring, lemuel_round_altar, makhleb_altar_promises_db,
          nicolae_ru_the_path_less_chosen, zin_purify, serial_co_window_serial,
          co_window_corner_a, co_window_paths_a, co_window_paths_a,
          co_window_of_opportunity_a, co_window_corner_a, co_window_broadway_c,
          co_window_broadway_c, co_window_of_opportunity_b, glass_columns_a,
          glass_columns_c, glass_columns_b, glass_columns_c, glass_columns_b,
          lightli_minifort, uniq_pikel, uniq_blork_the_orc, uniq_menkaure
D:5:      layout_rooms, lemuel_crystal_altar, nicolae_ossuary_entry_monument,
          uniq_duvessa

Skill      XL: |  1  2  3  4  5  6 |
---------------+-------------------+-----
Conjurations   | 2 |  2.7
Summonings     | 2 |  2.7
Translocations | 2 |  2.7
Invocations    | 1 2 |  2.3
Fighting       | 1 2 |  2.1
Short Blades   | 1 2 |  2.1
Long Blades    | 1 2 |  2.1
Axes           | 1 2 |  2.1
Maces & Flails | 1 2 |  2.1
Polearms       | 1 2 |  2.1
Staves         | 1 2 |  2.1
Slings         | 1 2 |  2.1
Bows           | 1 2 |  2.1
Crossbows      | 1 2 |  2.1
Throwing       | 1 2 |  2.1
Armour         | 1 2 |  2.1
Shields        | 1 2 |  2.1
Unarmed Combat | 1 2 |  2.1
Evocations     | 1 2 |  2.1
Hexes          | 1 |  1.6
Necromancy     | 1 |  1.6
Transmutations | 1 |  1.6
Fire Magic     | 1 |  1.6
Ice Magic      | 1 |  1.6
Air Magic      | 1 |  1.6
Earth Magic    | 1 |  1.6
Poison Magic   | 1 |  1.6
Dodging        | 5 |  5.0
Stealth        | |  4.6
Spellcasting   | |  7.4

Action                   |  1- 3 |  4- 6 || total
-------------------------+-------+-------++-------
Melee: Dagger            |    12 |    55 ||    67
       Unarmed           |    14 |       ||    14
       Bite              |     1 |     9 ||    10
       Hand axe          |       |    17 ||    17
 Cast: Magic Dart        |    42 |    49 ||    91
       Call Imp          |     9 |    21 ||    30
       Slow              |     1 |       ||     1
  Use: Potion            |       |     1 ||     1
 Stab: Sleeping          |     1 |     2 ||     3
Armor: Robe              |     1 |    12 ||    13
Dodge: Dodged            |    33 |    83 ||   116

Table legend: (Time is in decaauts)
 A = Elapsed time spent in this place.
 B = Non-inter-level travel time spent in this place.
 C = Inter-level travel time spent in this place.
 D = Time resting spent in this place.
 E = Time spent auto-exploring this place.
 F = Levels seen in this place.
 G = Mean time per level.
                   A        B        C        D        E       F      G
               +--------+--------+--------+--------+--------+-----+--------+
         Total |   3353 |   3319 |     34 |    572 |   2108 |   5 |  670.6 |
       Dungeon |   3353 |   3319 |     34 |    572 |   2108 |   5 |  670.6 |
               +--------+--------+--------+--------+--------+-----+--------+

Top non-repeatable levels by time:
     D:2: 1124 daAuts
     D:3: 1122 daAuts
     D:4: 827 daAuts
     D:1: 277 daAuts
     D:5: 1 daAuts
